 Dungeon Crawl Stone Soup version 0.26-a0-30-g56b8cd3df0 (webtiles) character file.

Game seed: 5505039875051670343, levelgen mode: deterministic

5 vurker the Ruffian (level 1, 0/16 HPs)
             Began as a Draconian Transmuter on June 3, 2020.
             Succumbed to a goblin's poison
             ... on level 1 of the Dungeon.
             The game lasted 00:00:41 (150 turns).

vurker the Ruffian (Draconian Transmuter)            Turns: 150, Time: 00:00:41

Health: 0/16       AC:  4    Str: 12    XL:     1   Next: 66%
Magic:  3/3        EV: 12    Int: 13    God:
Gold:   0          SH:  0    Dex: 11    Spells: 3/4 levels left

rFire    . . .     SeeInvis .     - Unarmed
rCold    . . .     Gourm    .   (no shield)
rNeg     . . .     Faith    .   (armour unavailable)
rPois    .         Spirit   .   (helmet restricted)
rElec    .         Reflect  .   (no cloak)
rCorr    .         Harm     .   (no gloves)
MR       .....                  (no boots)
Stlth    +.........             (no amulet)
HPRegen  0.05/turn              (no ring)
MPRegen  0.08/turn              (no ring)

@: lethally poisoned (0 -> -8)
A: unfitting armour, cold-blooded, MP-powered wands, AC +4
a: no special abilities


You were on level 1 of the Dungeon.
You were not hungry.

You visited 1 branch of the dungeon, and saw 1 of its levels.

Inventory:

Missiles
 a - 12 arrows
Scrolls
 d - a scroll of teleportation {unknown}
Comestibles
 b - a chunk of flesh
 e - a ration


   Skills:
 + Level 1.2 Fighting
 - Level 1.7 Dodging
 * Level 3.1 Unarmed Combat
 * Level 2.1 Spellcasting
 * Level 2.1 Transmutations


You had 3 spell levels left.
You knew the following spells:

 Your Spells              Type           Power        Failure   Level  Hunger
a - Beastly Appendage     Tmut           #.....       11%         1    ##.....

Your spell library contained the following spells:

 Spells                   Type           Power        Failure   Level  Hunger
 Sticks to Snakes         Tmut           #.......     16%         2    ###....
 Spider Form              Tmut/Pois      #.........   43%         3    ####...
 Ice Form                 Ice/Tmut       #.......     85%         4    #####..
 Blade Hands              Tmut           #.........   96%         5    ######.


Dungeon Overview and Level Annotations

Branches:
Dungeon (1/15)

Altars:


Innate Abilities, Weirdness & Mutations

Your plain brown scales are hard. (AC +4)
You cannot fit into any form of body armour.
You are cold-blooded and may be slowed by cold attacks.
You expend magic power (3 MP) to strengthen your wands.


Message History

A goblin and a kobold come into view.
The goblin is wielding a +1 dagger of venom.
The goblin shouts!
You hear a shout!
There are monsters nearby!
Found 10 gold pieces.
The goblin hits you with a +1 dagger of venom.
You are poisoned.
A goblin comes into view. It is wielding a +0 dagger.
You miss the goblin. You tail-slap the goblin.
You feel sick.
The goblin hits you with a +1 dagger of venom.
You are lethally poisoned!
You hit the goblin.
You kill the goblin!
You feel sick.
Okay, then.
* * * LOW HITPOINT WARNING * * *
You feel sick. The kobold hits you but does no damage.
You barely miss the kobold.
* * * LOW HITPOINT WARNING * * *
You feel sick. The kobold misses you.
You barely miss the kobold.
* * * LOW HITPOINT WARNING * * *
You feel sick. The kobold hits you but does no damage.
You hit the kobold.
You kill the kobold!
* * * LOW HITPOINT WARNING * * *
You feel sick.
* * * LOW HITPOINT WARNING * * *
You feel sick. The goblin closely misses you.
You closely miss the goblin.
* * * LOW HITPOINT WARNING * * *
You feel sick. The goblin hits you but does no damage.
You closely miss the goblin. The goblin barely misses you.
A frilled lizard comes into view.
The frilled lizard hisses angrily.
You hit the goblin.
You kill the goblin!
* * * LOW HITPOINT WARNING * * *
You feel sick.
It was a potion of mutation.
You feel extremely strange.
Your connection to magic feels subdued.
You feel your magical essence link to the dungeon's wands.
Your magic regains its normal vibrancy.
* * * LOW HITPOINT WARNING * * *
You feel sick.
* * * LOW HITPOINT WARNING * * *
You feel sick.
You see here a +1 dagger of venom.
You barely miss the frilled lizard.
You die...

##................#
....>...........#
#..#...........##
#.............#####
......###.........#
.......##.........#
..................#
.....#..#........#
......l@)........#
........)........#
.................#
.......##........#
.....$. ##..######
......# ##.# ....#.
.. ...##. ...


You could see a frilled lizard.

Vanquished Creatures
  2 bats (D:1)
  2 goblins (D:1)
  A kobold (D:1)
5 creatures vanquished.

Notes
Turn   | Place    | Note
-------+----------+-------------------------------------------
     0 | D:1      | vurker the Draconian Transmuter began the quest for the
                  | Orb.
     0 | D:1      | Reached XP level 1. HP: 16/16 MP: 3/3
   147 | D:1      | Gained mutation: Your spells are a little easier to cast,
                  | but a little less powerful. [potion of mutation]
   147 | D:1      | Gained mutation: You expend magic power (3 MP) to
                  | strengthen your wands. [potion of mutation]
   147 | D:1      | Lost mutation: Your spells are a little easier to cast, but
                  | a little less powerful. [potion of mutation]
   150 | D:1      | Succumbed to a goblin's poison

Illustrated notes

Levels and vault maps discovered:
D:1:      sevenhm_arrival_forest_fort_large_2, layout_rooms,
          kennysheep_minor_cross

Action                   || total
-------------------------++-------
Melee: Unarmed           ||    16
       Tailslap          ||     2
  Use: Potion            ||     1
 Stab: Sleeping          ||     1
Armor: Skin              ||     9
Dodge: Dodged            ||    14

Table legend:
 A = Non-vault XP
 B = Vault XP
 C = Vault XP percentage of total XP
 D = Non-vault monster count
 E = Vault monster count
 F = Vault count percentage of total count
                 A         B        C        D         E       F
            +---------+---------+-------+---------+---------+-------
      Total |       8 |       0 |   0.0 |       5 |       0 |   0.0
            +---------+---------+-------+---------+---------+-------
        D:1 |       8 |       0 |   0.0 |       5 |       0 |   0.0
            +---------+---------+-------+---------+---------+-------
